[Event "Early-Titled-Tuesday-Blitz-July-09-2024"]
[Site "Chess.com"]
[Date "2024.07.09"]
[Round "4"]
[White "MusicCityMaster"]
[Black "elizabethcastaneda"]
[Result "1-0"]
[WhiteElo "2505"]
[BlackElo "2296"]
[TimeControl "180+1"]
[EndTime "8:37:38 PDT"]
[Termination "MusicCityMaster won by resignation"]

1. e4 c5 2. Nf3 d6 3. d4 cxd4 4. Nxd4 Nf6 5. Nc3 g6 6. Bg5 Bg7 7. Bb5+ Bd7 8. Qe2 O-O 9. O-O-O Bxb5 10. Ndxb5 Qb6 11. f4 Nc6 12. Bxf6 Bxf6 13. Nd5 Qa6 14. Nxf6+ exf6 15. Kb1 Nb4 16. a3 Nc6 17. Rxd6 Rfe8 18. Rhd1 Rac8 19. Rxf6 Qa4 20. Nc3 Qa5 21. Rd7 Ne7 22.
Qd3 b5 23. Nd5 Nc6 24. Rfxf7 b4 25. Nf6+ 1-0

[Event "Early-Titled-Tuesday-Blitz-July-09-2024"]
[Site "Chess.com"]
[Date "2024.07.09"]
[Round "4"]
[White "Me_ch_an"]
[Black "Boudicca64"]
[Result "1-0"]
[WhiteElo "2309"]
[BlackElo "1932"]
[TimeControl "180+1"]
[EndTime "8:37:41 PDT"]
[Termination "Me_ch_an won on time"]

1. e4 g6 2. d4 Bg7 3. Nc3 c5 4. Nf3 Qa5 5. Be3 Nf6 6. Qd2 Ng4 7. Nd5 Qd8 8. Bf4 d6 9. dxc5 Bxb2 10. Rb1 Ba3 11. cxd6 Bxd6 12. e5 Bc5 13. h3 Nxf2 14.
e6 Ne4 15. exf7+ Kxf7 16. Ng5+ Nxg5 17. Bxg5 Be6 18. Bc4 Nc6 19. Rf1+ Kg7 20. Bh6+ Kg8 21. Nf6+ 1-0

[Event "Early-Titled-Tuesday-Blitz-July-09-2024"]
[Site "Chess.com"]
[Date "2024.07.09"]
[Round "4"]
[White "HaryKane"]
[Black "TigrVShlyape"]
[Result "0-1"]
[WhiteElo "2607"]
[BlackElo "2982"]
[TimeControl "180+1"]
[EndTime "8:37:43 PDT"]
[Termination "TigrVShlyape won by checkmate"]

1. e4 c5 2. Nf3 e6 3. d4 cxd4 4. Nxd4 a6 5. Nc3 b5 6. Bd3 Qb6 7. Nb3 Qc7 8. Qe2 Nc6 9. Bd2 Ne5 10. O-O Nf6 11. f4 Nxd3 12. cxd3 Bb7 13. Rac1 Qd8 14.
e5 Nd5 15. Ne4 Be7 16. f5 exf5 17. Rxf5 O-O 18. Rcf1 Qb6+ 19. Kh1 Rae8 20. Qg4 Qg6 21. Qh3 f6 22. exf6 Nxf6 23. Nec5 Bc6 24. Bc3 Ng4 25. Rxf8+ Rxf8 26. Rxf8+ Bxf8 27. Qg3 Qf5 28. h3 Qf1# 0-1

[Event "Early-Titled-Tuesday-Blitz-July-09-2024"]
[Site "Chess.com"]
[Date "2024.07.09"]
[Round "4"]
[White "chipmunknau"]
[Black "kuzol"]
[Result "1/2-1/2"]
[WhiteElo "2708"]
[BlackElo "2511"]
[TimeControl "180+1"]
[EndTime "8:37:43 PDT"]
[Termination "Game drawn by repetition"]

1. c4 Nf6 2. g3 e6 3. Bg2 d5 4. Nf3 Be7 5. O-O O-O 6. Qc2 a5 7. d4 dxc4 8. Qxc4 Nc6 9. Rd1 Qd5 10. Qd3 Qh5 11. e4 Rd8 12. Nc3 Nxd4 13. Nxd4 e5 14.
Nd5 Nxd5 15. exd5 exd4 16. Qxd4 Bg4 17. Re1 Bf6 18. Qc4 Bf3 19. Bxf3 Qxf3 20. Bf4 Rxd5 21. Qxc7 Rdd8 22. Re3 Rd1+ 23. Rxd1 Qxd1+ 24. Kg2 Qd5+ 25. Kh3 Qh5+ 26. Kg2 Qd5+ 27. Kh3 Qh5+ 28. Kg2 Qd5+ 1/2-1/2

[Event "Early-Titled-Tuesday-Blitz-July-09-2024"]
[Site "Chess.com"]
[Date "2024.07.09"]
[Round "4"]
[White "Witty_Alien"]
[Black "AlbusSevresPotter"]
[Result "0-1"]
[WhiteElo "2393"]
[BlackElo "2606"]
[TimeControl "180+1"]
[EndTime "8:37:43 PDT"]
[Termination "AlbusSevresPotter won by checkmate"]

1. e4 c6 2. d4 d5 3. Nd2 g6 4. h4 dxe4 5. Nxe4 Nf6 6. Ng5 h6 7. Nxf7 Kxf7 8. Nf3 Nbd7 9. Bd3 Qc7 10. O-O e6 11. Re1 Bd6 12. Bxh6 Rxh6 13. Ng5+ Kg8 14. Nxe6 Qa5 15. Bc4 Nb6 16. Qf3 Qf5 17. Qe3 Nxc4 18.
Qxh6 Bxe6 19. Rxe6 Qxe6 20. Re1 Qxe1# 0-1

[Event "Early-Titled-Tuesday-Blitz-July-09-2024"]
[Site "Chess.com"]
[Date "2024.07.09"]
[Round "4"]
[White "myburger"]
[Black "LunaTheTuna2013"]
[Result "1-0"]
[WhiteElo "2543"]
[BlackElo "2077"]
[TimeControl "180+1"]
[EndTime "8:37:44 PDT"]
[Termination "myburger won by resignation"]

1. d4 d5 2. Nc3 e6 3. Bf4 Nf6 4.
Nb5 Na6 5. e3 c6 6. Nc3 Bd6 7.
Bxa6 bxa6 8. Bxd6 Qxd6 9. Nf3 O-O 10. O-O Bb7 11. Na4 Ne4 12. Nd2 Nxd2 13. Qxd2 e5 14. Nc5 Rab8 15. b4 e4 16. c3 Bc8 17.
f4 exf3 18. Rxf3 a5 19. a3 Bg4 20. Rg3 f5 21. Rf1 Rbe8 22. Nb7 Qe6 23. Nxa5 Re7 24.
Nb3 Rfe8 25. Nc5 Qh6 26. Qf2 Rxe3 27. Rxg4 Rxc3 28. Qxf5 1-0

[Event "Early-Titled-Tuesday-Blitz-July-09-2024"]
[Site "Chess.com"]
[Date "2024.07.09"]
[Round "4"]
[White "Fandorine"]
[Black "isla88"]
[Result "1-0"]
[WhiteElo "2908"]
[BlackElo "2429"]
[TimeControl "180+1"]
[EndTime "8:37:51 PDT"]
[Termination "Fandorine won by resignation"]

1. c4 e6 2. g3 d5 3. Bg2 Nf6 4. Nf3 a6 5. Qc2 Nc6 6. O-O Rb8 7. d4 Nb4 8. Qb3 dxc4 9. Qxc4 b5 10. Qc3 Nbd5 11.
Qc6+ Bd7 12. Qc2 Nb4 13. Qd1 c5 14. dxc5 Bxc5 15. Ne5 O-O 16. a3 Nbd5 17. Bg5 Be7 18. Nxd7 Nxd7 19. Bxe7 Nxe7 20. Nc3 Nf6 21. Qb3 Qb6 22.
Qb4 Nc6 23. Bxc6 Qxc6 24. Rac1 Qb7 25. Rfd1 Rfd8 26. Qa5 Rxd1+ 27. Rxd1 h5 28. h3 h4 29. g4 Kh7 30. Qb4 Rc8 31. g5 Rc4 32. Qd6 Ne4 33. Qd3 g6 34. Qf3 Kg7 35. Nxe4 Qxe4 36. Qf6+ Kh7 37. Qxf7+ 1-0

[Event "Early-Titled-Tuesday-Blitz-July-09-2024"]
[Site "Chess.com"]
[Date "2024.07.09"]
[Round "4"]
[White "KhamzinOlzhas"]
[Black "xh4823"]
[Result "1-0"]
[WhiteElo "2569"]
[BlackElo "2359"]
[TimeControl "180+1"]
[EndTime "8:37:56 PDT"]
[Termination "KhamzinOlzhas won by checkmate"]

1. d4 g6 2. e4 Bg7 3. Nf3 a6 4. a4 d6 5. Nc3 Nd7 6. Be2 c5 7. O-O cxd4 8. Nxd4 Ngf6 9. Be3 O-O 10. Nd5 Nc5 11.
Nxf6+ Bxf6 12. f3 Bd7 13. c3 Rc8 14. b4 Ne6 15. Nxe6 Bxe6 16. Bd4 Rxc3 17. Bxc3 Bxc3 18. Rb1 Qb6+ 19. Kh1 Bxb4 20. f4 a5 21. f5 Bc8 22.
Bc4 gxf5 23. exf5 Kh8 24. f6 e6 25. Qh5 Qc5 26. Qh6 Rg8 27. Bd3 Qf5 28. Bxf5 exf5 29. Rb3 d5 30. Rh3 Rg6 31. Qxh7# 1-0

[Event "Early-Titled-Tuesday-Blitz-July-09-2024"]
[Site "Chess.com"]
[Date "2024.07.09"]
[Round "4"]
[White "Chesstiger64"]
[Black "carloseduar100"]
[Result "1/2-1/2"]
[WhiteElo "2364"]
[BlackElo "2252"]
[TimeControl "180+1"]
[EndTime "8:37:57 PDT"]
[Termination "Game drawn - insufficient material"]

1. d4 d5 2. Nf3 e6 3. e3 a6 4.
Nbd2 Nf6 5. c3 c5 6. Bd3 Nc6 7.
O-O cxd4 8. exd4 Be7 9. Re1 h6 10. Nf1 O-O 11. Ng3 Re8 12. a4 Bd7 13. Bc2 b5 14.
axb5 axb5 15. Rxa8 Qxa8 16. Qd3 b4 17. Nh5 g6 18.
Nxf6+ Bxf6 19. Bxh6 bxc3 20. bxc3 e5 21. dxe5 Nxe5 22.
Nxe5 Rxe5 23. Rxe5 Bxe5 24. Bd2 Bf5 25. Qe2 Qa1+ 26.
Qd1 Qxd1+ 27. Bxd1 d4 28. cxd4 Bxd4 29. Be3 Bxe3 30.
fxe3 Kg7 31. Kf2 Be4 32. Bf3 Bf5 33. e4 Be6 34. e5 f6 35. exf6+ Kxf6 36. Ke3 g5 37.
Kd4 Bb3 38. Bd5 Bc2 39. Bb7 Bg6 40. Bc8 Bc2 41. Kd5 Bd1 42. g3 Bc2 43. Bg4 Bb1 44.
Bf3 Bc2 45. Be4 Bd1 46. Kd6 Bb3 47. Kd7 Ba2 48. Ke8 Bb3 49. Kf8 Ba2 50. Bh7 Bb3 51. Bg8 Bc2 52. Bd5 Bb1 53. Kg8 Bc2 54. h4 gxh4 55.
gxh4 Bd3 56. h5 Kg5 57. Bf7 Be2 58. h6 Kxh6 1/2-1/2

[Event "Early-Titled-Tuesday-Blitz-July-09-2024"]
[Site "Chess.com"]
[Date "2024.07.09"]
[Round "4"]
[White "Akewjon"]
[Black "BogdanDeac"]
[Result "0-1"]
[WhiteElo "2747"]
[BlackElo "3017"]
[TimeControl "180+1"]
[EndTime "8:38:03 PDT"]
[Termination "BogdanDeac won by resignation"]

1. e4 c5 2. Nf3 d6 3. d4 cxd4 4. Nxd4 Nf6 5. Nc3 e5 6. Nf3 Nc6 7. h3 Be7 8. Be3 h6 9. Bc4 Be6 10. Bb3 a6 11. Nh4 Qd7 12. Qf3 Na5 13. Nf5 Bxf5 14.
exf5 Nxb3 15. axb3 d5 16. Na4 Qc6 17. Nb6 Rd8 18.
O-O e4 19. Qg3 d4 20. Bf4 Nh5 21. Qg4 Nxf4 22. Nc4 Nd5 23. Qxg7 Bf6 24. Qg4 e3 25. Rae1 Kf8 26. fxe3 Nxe3 27. Nxe3 dxe3 28. c3 Rg8 29. Qe2 Rd2 0-1

[Event "Early-Titled-Tuesday-Blitz-July-09-2024"]
[Site "Chess.com"]
[Date "2024.07.09"]
[Round "4"]
[White "nindjaxx8"]
[Black "montyotto"]
[Result "1-0"]
[WhiteElo "2710"]
[BlackElo "2421"]
[TimeControl "180+1"]
[EndTime "8:38:03 PDT"]
[Termination "nindjaxx8 won by checkmate"]

1. a3 e5 2. e3 d5 3. d4 Nc6 4. Bb5 Bd6 5. dxe5 Bxe5 6. Nf3 Bg4 7. h3 Bxf3 8. Qxf3 Nf6 9. O-O O-O 10. Rd1 Qe7 11. Nd2 Rad8 12. Nb3 Ne4 13. Bxc6 bxc6 14. Nd4 Qd7 15. Rb1 c5 16. Ne2 c6 17. Bd2 Rfe8 18. Ba5 Bc7 19. Bxc7 Qxc7 20. c4 Re6 21.
Nf4 Rf6 22. cxd5 cxd5 23. Nxd5 Rxf3 24. Nxc7 Rxf2 25. Rxd8# 1-0

[Event "Early-Titled-Tuesday-Blitz-July-09-2024"]
[Site "Chess.com"]
[Date "2024.07.09"]
[Round "4"]
[White "MdChess1734"]
[Black "nekotyanof"]
[Result "1-0"]
[WhiteElo "2439"]
[BlackElo "2657"]
[TimeControl "180+1"]
[EndTime "8:38:03 PDT"]
[Termination "MdChess1734 won by resignation"]

1. e4 Nf6 2. e5 Nd5 3. d4 d6 4. c4 Nb6 5. exd6 cxd6 6. Nf3 g6 7. Be2 Bg7 8. O-O O-O 9. Nc3 e5 10. d5 N8d7 11. Be3 f5 12. Ng5 Nf6 13. c5 dxc5 14.
Bxc5 Re8 15. d6 Be6 16. Nxe6 Rxe6 17. Bxb6 Qxb6 18. Bc4 Re8 19. d7 Rd8 20. Na4 Qc6 21. Nc5 Qxc5 22. Bxe6+ Kf8 23. Rc1 Qb6 24. Rc8 Ke7 25.
Rxd8 Kxd8 26. Qb3 Ne4 27. Qxb6+ axb6 28. Rd1 Bf8 29. Bd5 Nd6 30. Be6 b5 31. g4 fxg4 32.
Rc1 Nc4 33. b3 Ba3 34. Rc2 Nd6 35. Rc8+ Ke7 36. d8=Q+ Kxe6 37. Qg8+ Kf5 38. Ra8 Bc1 39. Qd5 Ne4 40. Rf8+ Nf6 41. Qd7+ Kg5 42. Qe7 1-0

[Event "Early-Titled-Tuesday-Blitz-July-09-2024"]
[Site "Chess.com"]
[Date "2024.07.09"]
[Round "4"]
[White "Aggressus"]
[Black "MikeSailer"]
[Result "1-0"]
[WhiteElo "2565"]
[BlackElo "2098"]
[TimeControl "180+1"]
[EndTime "8:38:05 PDT"]
[Termination "Aggressus won by resignation"]

1. e4 d5 2. exd5 Qxd5 3. Nc3 Qd6 4. Nf3 c6 5. d4 Bg4 6. Be3 Nf6 7. h3 Bh5 8. g4 Bg6 9. Ne5 Nbd7 10. f4 Be4 11. Nxe4 Nxe4 12. Bg2 Nef6 13. Qe2 Qb4+ 14. c3 Qa5 15. Bd2 e6 16. O-O Bd6 17. g5 Bxe5 18. fxe5 Nd5 19. c4 Qa6 20. Qf2 Qxc4 21. Qxf7+ Kd8 22.
Qxe6 Qxd4+ 23. Kh1 Qxe5 24. Qf7 Qe7 25. Bxd5 cxd5 26.
Qxd5 Qc5 27. Ba5+ Ke8 28. Rae1+ 1-0

[Event "Early-Titled-Tuesday-Blitz-July-09-2024"]
[Site "Chess.com"]
[Date "2024.07.09"]
[Round "4"]
[White "biveklama"]
[Black "MarijaKuznecova"]
[Result "1-0"]
[WhiteElo "2674"]
[BlackElo "2420"]
[TimeControl "180+1"]
[EndTime "8:38:05 PDT"]
[Termination "biveklama won by resignation"]

1. e4 c5 2. Nf3 d6 3. d4 cxd4 4. Nxd4 Nf6 5. Nc3 a6 6. h3 e5 7. Nb3 Be7 8. Be3 Be6 9. g4 a5 10.
g5 Nfd7 11. h4 a4 12. Nd2 Nc6 13. Nc4 Ndb8 14. Nb5 Bxc4 15. Bxc4 Na6 16. h5 Nd4 17. Nxd4 exd4 18. Qxd4 f6 19. h6 g6 20. Bb5+ Kf8 21.
O-O-O a3 22. Rh4 axb2+ 23. Kb1 Nc5 24. gxf6 Bxf6 25. Rf4 Kf7 26. Bc4+ Ke8 27. Rxf6 Na4 28. Bb5+ Ke7 29. Bg5 1-0

[Event "Early-Titled-Tuesday-Blitz-July-09-2024"]
[Site "Chess.com"]
[Date "2024.07.09"]
[Round "4"]
[White "ALRS-SPS"]
[Black "UnTucopalaTimba"]
[Result "1-0"]
[WhiteElo "2393"]
[BlackElo "2144"]
[TimeControl "180+1"]
[EndTime "8:38:05 PDT"]
[Termination "ALRS-SPS won by resignation"]

1. e4 c6 2. d4 d5 3. Nc3 dxe4 4. Nxe4 Bf5 5. Ng3 Bg6 6. Nf3 Nd7 7. Bd3 Bxd3 8.
Qxd3 e6 9. Bf4 Qa5+ 10. Bd2 Bb4 11. c3 Be7 12. a3 Ngf6 13. O-O O-O 14. Rfe1 Rfe8 15.
b4 Qc7 16. Rad1 b6 17. Bg5 c5 18. dxc5 bxc5 19. Rc1 h6 20. Be3 Red8 21. Qe2 Nb6 22. Red1 Nbd5 23. Bd2 cxb4 24. cxb4 Qb7 25. Ne4 Rac8 26.
h3 Rxc1 27. Rxc1 Nxe4 28. Qxe4 Qa6 29. Ra1 Rc8 30. Ne5 Bf6 31. Bf4 Qb5 32. Re1 Rc3 33.
Ng4 Rxa3 34. Rc1 Qb7 35. Nxf6+ gxf6 36. Bxh6 f5 37. Qe5 f6 38. Qxe6+ Qf7 39. Qxf5 Rc3 40. Rd1 Ne7 41. Rd8+ 1-0

[Event "Early-Titled-Tuesday-Blitz-July-09-2024"]
[Site "Chess.com"]
[Date "2024.07.09"]
[Round "4"]
[White "chess_blitz00"]
[Black "Knightmare1014"]
[Result "1-0"]
[WhiteElo "2511"]
[BlackElo "2231"]
[TimeControl "180+1"]
[EndTime "8:38:07 PDT"]
[Termination "chess_blitz00 won by resignation"]

1. b3 d5 2. Bb2 Nf6 3. e3 Bf5 4. Nf3 e6 5. Be2 Bd6 6. O-O h6 7. c4 c6 8. d3 O-O 9. Nbd2 Bh7 10. Qc2 Nbd7 11. Rad1 e5 12. Qb1 e4 13. Nd4 exd3 14. Bxd3 Bxd3 15. Qxd3 Nc5 16. Qc2 Nce4 17. Nxe4 Nxe4 18. cxd5 cxd5 19. Nf5 Qg5 20. Rxd5 Rfe8 21. Bxg7 Qg6 22. Nxd6 Kxg7 23. Nxe8+ Rxe8 24. f3 Nf6 25. Qxg6+ fxg6 26. Rd3 Re7 27. Rfd1 Rc7 28. e4 Rc2 29. R1d2 Rc1+ 30. Kf2 Nh5 31. g3 Kf6 32. f4 g5 33.
e5+ Kf5 34. fxg5 hxg5 35. Re3 Kg4 36. Kg2 Ng7 37. e6 Nf5 38. h3+ Kh5 39. g4+ Kh4 40. gxf5 1-0

[Event "Early-Titled-Tuesday-Blitz-July-09-2024"]
[Site "Chess.com"]
[Date "2024.07.09"]
[Round "4"]
[White "RCone"]
[Black "Crazy_girl99"]
[Result "0-1"]
[WhiteElo "2424"]
[BlackElo "2633"]
[TimeControl "180+1"]
[EndTime "8:38:10 PDT"]
[Termination "Crazy_girl99 won on time"]

1. e4 e5 2. Bc4 Nc6 3. Nc3 Nf6 4.
d3 Bc5 5. f4 d6 6. f5 h6 7. Nf3 a6 8. a3 Bd7 9. Qe2 Qe7 10. Be3 Nd4 11. Bxd4 exd4 12. Nd5 Nxd5 13. Bxd5 c6 14. Bb3 O-O-O 15. O-O d5 16. Rae1 dxe4 17. Qxe4 Qxe4 18. Rxe4 Rhf8 19. g4 h5 20. h3 hxg4 21.
hxg4 g6 22. Ng5 gxf5 23. Ref4 Bd6 24. Rxf5 Bxf5 25. Rxf5 Rde8 26. Bxf7 Re2 27. Nh7 Rh8 0-1

[Event "Early-Titled-Tuesday-Blitz-July-09-2024"]
[Site "Chess.com"]
[Date "2024.07.09"]
[Round "4"]
[White "Cmorales2001"]
[Black "Dewarfd"]
[Result "1-0"]
[WhiteElo "2343"]
[BlackElo "2061"]
[TimeControl "180+1"]
[EndTime "8:38:10 PDT"]
[Termination "Cmorales2001 won on time"]

1. e4 c5 2. Nf3 g6 3. c3 Bg7 4. d4 cxd4 5. cxd4 d5 6. e5 Nc6 7. h3 Nh6 8. Nc3 O-O 9. Be2 f6 10. exf6 exf6 11. O-O Nf5 12. Bb5 Be6 13. Re1 Bf7 14.
Bxc6 bxc6 15. Na4 Re8 16. Rxe8+ Qxe8 17. Bf4 g5 18. Bh2 Bf8 19. Rc1 Nd6 20. Qc2 Rc8 21. Nc5 Bg6 22. Qa4 Ne4 23. a3 h5 24.
Qxa7 Bxc5 25. dxc5 Qf8 26. Bd6 1-0

[Event "Early-Titled-Tuesday-Blitz-July-09-2024"]
[Site "Chess.com"]
[Date "2024.07.09"]
[Round "4"]
[White "SujanaLohani"]
[Black "wannabe2700"]
[Result "0-1"]
[WhiteElo "2364"]
[BlackElo "2552"]
[TimeControl "180+1"]
[EndTime "8:38:12 PDT"]
[Termination "wannabe2700 won by resignation"]

1. e4 d5 2. exd5 e6 3. dxe6 Bxe6 4. Nf3 Nf6 5. d4 c5 6. Bb5+ Nbd7 7. O-O a6 8. Bd3 c4 9. Be2 Bd6 10. Re1 O-O 11. a4 b5 12. axb5 axb5 13. Rxa8 Qxa8 14. Nc3 b4 15. Nb5 Bb8 16. Bd2 Qa5 17. d5 Bxd5 18. Nbd4 Nc5 19. Qa1 Qb6 20. h3 Nfe4 21. Be3 f5 22.
Rd1 f4 23. Bc1 Ne6 24. b3 cxb3 25. cxb3 Bxb3 26. Nxb3 Qxf2+ 27. Kh2 Qxe2 28. Re1 Qc4 29. Na5 Qd5 30. Qa4 N6g5 31. Nxg5 f3+ 32. Kh1 Ng3+ 33. Kh2 Ne2+ 34. g3 Bxg3+ 35. Kh1 f2+ 0-1

[Event "Early-Titled-Tuesday-Blitz-July-09-2024"]
[Site "Chess.com"]
[Date "2024.07.09"]
[Round "4"]
[White "WindWhistler11"]
[Black "chessmachine14"]
[Result "1-0"]
[WhiteElo "2472"]
[BlackElo "2227"]
[TimeControl "180+1"]
[EndTime "8:38:12 PDT"]
[Termination "WindWhistler11 won by resignation"]

1. Nf3 c5 2. g3 b6 3. Bg2 Bb7 4. d3 g6 5. Nbd2 Bg7 6. e4 d5 7. O-O e6 8. h4 Ne7 9. h5 Nbc6 10. Re1 Qc7 11. exd5 Nxd5 12. Ne4 O-O-O 13. h6 Bf8 14.
Bg5 Be7 15. Bd2 f5 16. Neg5 Bxg5 17. Nxg5 e5 18. Ne6 Qd7 19. Nxd8 Qxd8 20. c3 Re8 21. Qb3 Nf6 22. Bg5 Qd6 23. Qf7 Rf8 24. Qg7 e4 25.
Bxf6 Rxf6 26. dxe4 fxe4 27. Rad1 Qe5 28. Bh3+ Rf5 29. Qg8+ Kc7 30. Bxf5 gxf5 31. Qxh7+ Ne7 32. Qg7 Qxg7 33. hxg7 Bc6 34. f3 Ng8 35. g4 fxg4 36. fxg4 a5 37. Rf1 e3 38. Rf7+ 1-0

[Event "Early-Titled-Tuesday-Blitz-July-09-2024"]
[Site "Chess.com"]
[Date "2024.07.09"]
[Round "4"]
[White "paranoyak"]
[Black "Yan_Dyomin2010"]
[Result "1-0"]
[WhiteElo "2566"]
[BlackElo "2750"]
[TimeControl "180+1"]
[EndTime "8:38:14 PDT"]
[Termination "paranoyak won by resignation"]

1. e4 c5 2. Nf3 Nc6 3. b3 Nf6 4.
Nc3 g6 5. Bb2 Bg7 6. Bd3 O-O 7.
O-O d6 8. Re1 Bg4 9. h3 Bxf3 10.
Qxf3 Ne5 11. Qe2 Nxd3 12. Qxd3 Nd7 13. f4 a6 14. a4 Nb8 15. Nd1 Nc6 16. Bxg7 Kxg7 17.
Ne3 Rb8 18. Qc3+ Kg8 19. Nd5 Nd4 20. Qd3 e6 21. Ne3 Qc7 22. c3 Nc6 23. Ng4 h5 24.
Nf6+ Kg7 25. e5 dxe5 26. fxe5 Nxe5 27. Nxh5+ Kh6 28. Qg3 f6 29. Nf4 Qf7 30. d4 1-0

[Event "Early-Titled-Tuesday-Blitz-July-09-2024"]
[Site "Chess.com"]
[Date "2024.07.09"]
[Round "4"]
[White "seasidesunset"]
[Black "Chess_master1982"]
[Result "0-1"]
[WhiteElo "2288"]
[BlackElo "2646"]
[TimeControl "180+1"]
[EndTime "8:38:15 PDT"]
[Termination "Chess_master1982 won by resignation"]

1. c4 Nf6 2. Nc3 d6 3. g3 g6 4. Bg2 Bg7 5. d3 O-O 6. e4 c5 7. Nge2 Nc6 8. O-O Rb8 9. a4 a6 10. h3 e5 11. f4 Nd4 12. f5 h6 13. g4 g5 14. a5 Nc6 15. Ng3 Nxa5 16. h4 Nh7 17.
Nh5 Nc6 18. f6 Nxf6 19. Nxg7 Bxg4 20. Qd2 Kxg7 21. hxg5 Nh5 22. gxh6+ Kh8 23. Nd5 Nd4 24.
Qg5 Qxg5 25. Bxg5 Rg8 26. Bf6+ Nxf6 27. Nxf6 Rg6 28. Nxg4 Rxg4 29. Kf2 Rbg8 30. Rg1 Rf4+ 31. Ke3 Rg3+ 32. Kd2 Nb3+ 33. Kc3 Nxa1 0-1

[Event "Early-Titled-Tuesday-Blitz-July-09-2024"]
[Site "Chess.com"]
[Date "2024.07.09"]
[Round "4"]
[White "Zohid6"]
[Black "BlackBoarder"]
[Result "1-0"]
[WhiteElo "2982"]
[BlackElo "2725"]
[TimeControl "180+1"]
[EndTime "8:38:16 PDT"]
[Termination "Zohid6 won by resignation"]

1. e4 e6 2. d4 d5 3. Nc3 Bb4 4. e5 Ne7 5. a3 Bxc3+ 6. bxc3 c5 7. Qg4 O-O 8. Bd3 f5 9. exf6 Rxf6 10. Qh4 h6 11. Nf3 Qa5 12. Bd2 c4 13. Be2 Nf5 14.
Qh5 Nc6 15. Rg1 g6 16. Qh3 g5 17. Ne5 Nxe5 18. dxe5 Rf7 19. g4 Nh4 20. f4 Qc5 21. Be3 Qe7 22. Rf1 Bd7 23. Kd2 Raf8 24. fxg5 Rxf1 25.
Rxf1 Rxf1 26. Qxf1 hxg5 27. Qf6 Qxf6 28. exf6 e5 29.
Bxg5 Ng6 30. h4 Kf7 31. h5 Nf8 32. Bh4 d4 33. Bxc4+ Be6 34. Bxe6+ Nxe6 35. g5 1-0

[Event "Early-Titled-Tuesday-Blitz-July-09-2024"]
[Site "Chess.com"]
[Date "2024.07.09"]
[Round "4"]
[White "Cheer_Down"]
[Black "Puzzlebot_1294"]
[Result "0-1"]
[WhiteElo "2432"]
[BlackElo "2682"]
[TimeControl "180+1"]
[EndTime "8:38:17 PDT"]
[Termination "Puzzlebot_1294 won by resignation"]

1. e4 e5 2. Nf3 Nc6 3. Bc4 Bc5 4. c3 Nf6 5. d3 d6 6. O-O a6 7. a4 Ba7 8. Re1 h6 9. Nbd2 O-O 10. h3 Re8 11. b4 Be6 12. Bxe6 Rxe6 13. Qc2 b5 14. axb5 axb5 15. Ra2 d5 16. exd5 Nxd5 17. Ba3 Nf4 18. d4 exd4 19. Rxe6 Nxe6 20. c4 d3 21. Qb1 bxc4 22.
Nxc4 Nf4 23. b5 Nd4 24. Nce5 Nde2+ 25. Kf1 Qd5 26. Nc6 Bc5 0-1

[Event "Early-Titled-Tuesday-Blitz-July-09-2024"]
[Site "Chess.com"]
[Date "2024.07.09"]
[Round "4"]
[White "Veleamater"]
[Black "Sadykov_Ramil"]
[Result "0-1"]
[WhiteElo "2405"]
[BlackElo "2617"]
[TimeControl "180+1"]
[EndTime "8:38:19 PDT"]
[Termination "Sadykov_Ramil won by resignation"]

1. g3 h5 2. d4 h4 3. gxh4 e6 4.
c4 d5 5. Nc3 Be7 6. cxd5 exd5 7.
Nf3 c6 8. Bg5 Bf5 9. Qd2 Nd7 10.
Qf4 g6 11. Bxe7 Qxe7 12. Bg2 Ngf6 13. Ne5 Nxe5 14. dxe5 Nd7 15. e4 Rxh4 16. Qg3 dxe4 17. O-O-O O-O-O 18. Rhe1 Rg4 19. Qe3 Rxg2 20. Qxa7 Qxe5 21.
Rd4 Qc5 22. Qa4 Nb6 23. Rxd8+ Kxd8 24. Qb3 Qxf2 25. Rd1+ Kc8 26. Nb5 cxb5 27. Qc3+ Nc4 28. b3 Qe3+ 0-1

[Event "Early-Titled-Tuesday-Blitz-July-09-2024"]
[Site "Chess.com"]
[Date "2024.07.09"]
[Round "4"]
[White "ploxoi"]
[Black "Meri-Arabidze"]
[Result "0-1"]
[WhiteElo "2482"]
[BlackElo "2686"]
[TimeControl "180+1"]
[EndTime "8:38:20 PDT"]
[Termination "Meri-Arabidze won by checkmate"]

1. d4 Nf6 2. c4 e6 3. g3 Bb4+ 4. Bd2 Be7 5. Bg2 d5 6. Qc2 O-O 7. Nf3 Nbd7 8. O-O Ne4 9. Rd1 c6 10. Bf4 g5 11. Be3 f5 12. Nc3 g4 13. Ne5 Nxe5 14. dxe5 Qe8 15. Rac1 Bd7 16. a3 h5 17. b4 h4 18. Nxe4 fxe4 19. Bxe4 dxe4 20. Qxe4 Rf5 21. Qxg4+ Kf7 22. Bh6 Qh8 23. Be3 Rg8 24. Qe4 Be8 25. Bf4 Rg4 26. Kf1 hxg3 27. hxg3 Qh2 28. Qf3 Rfxf4 29. Qd3 Qh1# 0-1

[Event "Early-Titled-Tuesday-Blitz-July-09-2024"]
[Site "Chess.com"]
[Date "2024.07.09"]
[Round "4"]
[White "Pitomina"]
[Black "mapleaff"]
[Result "1-0"]
[WhiteElo "2576"]
[BlackElo "2345"]
[TimeControl "180+1"]
[EndTime "8:38:21 PDT"]
[Termination "Pitomina won on time"]

1. d4 Nf6 2. Bf4 c5 3. e3 Nd5 4.
Bg3 Qb6 5. Nc3 cxd4 6. Qxd4 Qxd4 7. exd4 Nxc3 8. bxc3 d6 9. Rb1 g6 10. Bb5+ Kd8 11. Ne2 h5 12. h4 Bh6 13. Bc4 Rf8 14. Nf4 Nc6 15. O-O Na5 16. Bd3 Bxf4 17. Bxf4 Be6 18.
Rfe1 Rg8 19. Bg5 d5 20. c4 dxc4 21. Be4 f6 22. Bd2 Nc6 23. d5 f5 24. dxc6 fxe4 25.
cxb7 Rb8 26. Bf4 Kd7 27. Rxe4 Bd5 28. Bxb8 Rxb8 29. Rd4 Kc6 30. g4 e6 31. Kh2 Kc5 32. Rf4 Rxb7 33. Rxb7 Bxb7 34. Rf6 hxg4 35. Rxe6 Bd5 36. Rxg6 1-0

[Event "Early-Titled-Tuesday-Blitz-July-09-2024"]
[Site "Chess.com"]
[Date "2024.07.09"]
[Round "4"]
[White "jasrom"]
[Black "Andrey_Klymchuk"]
[Result "0-1"]
[WhiteElo "2346"]
[BlackElo "2756"]
[TimeControl "180+1"]
[EndTime "8:38:24 PDT"]
[Termination "Andrey_Klymchuk won on time"]

1. e4 c5 2. Nc3 Nc6 3. f4 g6 4. Nf3 Bg7 5. Bb5 Nd4 6. a4 a6 7.
Bc4 e6 8. d3 Ne7 9. Nxd4 cxd4 10. Ne2 d5 11. Bb3 dxe4 12. dxe4 O-O 13. O-O b6 14.
Ng3 Nc6 15. f5 Bd7 16. fxe6 Bxe6 17. Bxe6 fxe6 18. Qg4 Rxf1+ 19. Nxf1 Qd7 20. Bd2 Rc8 21. Rd1 Ne5 22. Qg3 Rxc2 23. Qb3 Rc6 24. Bc3 Nc4 25. Ng3 h5 26. Ne2 e5 27. Bb4 Qg4 28. Ng3 h4 29.
Rc1 hxg3 30. Rxc4 Qe6 0-1

[Event "Early-Titled-Tuesday-Blitz-July-09-2024"]
[Site "Chess.com"]
[Date "2024.07.09"]
[Round "4"]
[White "oykuince"]
[Black "AndresDelgado77"]
[Result "1-0"]
[WhiteElo "2118"]
[BlackElo "2323"]
[TimeControl "180+1"]
[EndTime "8:38:24 PDT"]
[Termination "oykuince won on time"]

1. d4 Nf6 2. c4 g6 3. Nc3 Bg7 4. e4 O-O 5. h3 c5 6. d5 d6 7.
g4 e6 8. Nge2 exd5 9. cxd5 Re8 10. Ng3 Qa5 11. Bd2 Qb4 12. Bd3 a6 13. Qc2 c4 14. Be2 Qc5 15. Be3 Qc7 16. g5 Nfd7 17.
h4 b5 18. a3 Nc5 19. h5 Nbd7 20.
O-O-O Ne5 21. f4 Ned3+ 22. Kb1 Rb8 23. Bxd3 cxd3 24. Qh2 Bxc3 25. hxg6 fxg6 26. bxc3 Na4 27. Bd4 Nxc3+ 28. Bxc3 Qxc3 29. Qxh7+ Kf8 30. Qh8+ Qxh8 31. Rxh8+ Kf7 32. Rh7+ Kg8 33. Rdh1 Rf8 34. Rh8+ Kf7 35. R1h7+ Ke8 36. Rxf8+ Kxf8 37. Rc7 Bg4 38. Kc1 1-0